 Dungeon Crawl Stone Soup version 0.21-a0-2-ge494091 (webtiles) character file.

115 tilp the Firebug (level 5, -13/38 HPs)
             Began as a Hill Orc Fire Elementalist on May 21, 2017.
             Mangled by an ogre
             ... wielding a +0 giant spiked club
              (26 damage)
             ... on level 3 of the Dungeon.
             The game lasted 00:10:21 (3723 turns).

tilp the Firebug (Hill Orc Fire Elementalist)       Turns: 3723, Time: 00:10:22

Health: -13/38     AC:  3    Str: 11    XL:     5   Next: 0%
Magic:  1/8        EV: 12    Int: 16    God:
Gold:   194        SH:  0    Dex: 11    Spells: 5/9 levels left

rFire    x . .     SeeInvis .   v - +0 war axe
rCold    + . .     Gourm    .   (no shield)
rNeg     . . .     Faith    .   a - +0 robe
rPois    .         Spirit   .   (no helmet)
rElec    .         Reflect  .   (no cloak)
rCorr    .         Harm     .   r - +0 pair of gloves
MR       .....                  (no boots)
Stlth    ++........             (no amulet)
Regen    0.2/turn               o - ring of ice
MPRegen  0.2/turn               (no ring)

@: very slightly contaminated
A: no striking features
a: no special abilities


You were on level 3 of the Dungeon.
You were not hungry.

You visited 1 branch of the dungeon, and saw 3 of its levels.

You collected 194 gold pieces.

Inventory:

Hand Weapons
 e - a +0 club
 f - a +1 dagger of venom
 j - a +0 short sword
 n - a -1 short sword
 v - a +0 war axe (weapon)
Missiles
 d - 52 stones (quivered)
Armour
 a - a +0 robe (worn)
 h - a cursed +0 shield
 r - a +0 pair of gloves (worn)
Jewellery
 o - a ring of ice (left hand)
Scrolls
 x - a scroll of enchant armour {unknown}
 y - 2 scrolls of remove curse
Potions
 g - a potion of haste
 i - a potion of resistance
 k - a potion of berserk rage {unknown}
 l - a potion of heal wounds {unknown}
 m - a potion of cancellation {unknown}
 q - a potion of brilliance {unknown}
 s - a potion of flight {unknown}
 t - a potion of mutation {unknown}
 u - a potion of curing
Books
 b - a book of Flames

   Spells                             Type                      Level
   a - Flame Tongue                   Conjuration/Fire             1
   b - Throw Flame                    Conjuration/Fire             2
   c - Conjure Flame                  Conjuration/Fire             3
   d - Inner Flame                    Hexes/Fire                   3
   e - Sticky Flame                   Conjuration/Fire             4
   f - Fireball                       Conjuration/Fire             5
Comestibles
 c - 3 bread rations
 p - a meat ration


   Skills:
 + Level 0.3 Axes
 - Level 1.5 Dodging
 - Level 1.5 Stealth
 * Level 2.6 Spellcasting
 * Level 1.2 Conjurations
 * Level 5.0 Fire Magic


You had 5 spell levels left.
You knew the following spells:

 Your Spells              Type           Power        Failure   Level  Hunger
a - Flame Tongue          Conj/Fire      ##...        5%          1    #......
b - Conjure Flame         Conj/Fire      ##......     16%         3    ###....


Dungeon Overview and Level Annotations

Branches:
Dungeon (3/15)

Altars:

Annotations:
D:3 Wiebster667's ghost, amateur HuIE


Message History

The ogre is severely wounded.
Casting: Flame Tongue
Confirm with . or Enter, or press ? or * to list all spells.
Aiming: Flame Tongue
Press: ? - help, Shift-Dir - straight line, f/p - ogre
Aim: an ogre, wielding a giant spiked club (severely wounded)
You miscast Flame Tongue.
You are momentarily dazzled by a flash of light!
The ogre hits you with a giant spiked club!!
Ouch! That really hurt!
Casting: Flame Tongue
Confirm with . or Enter, or press ? or * to list all spells.
Aiming: Flame Tongue
Press: ? - help, Shift-Dir - straight line, f/p - ogre
Aim: an ogre, wielding a giant spiked club (severely wounded)
The flame tongue hits the ogre.
The ogre is almost dead.
The ogre hits you with a giant spiked club!!
Ouch! That really hurt!
You die...

#..# #.# ##) #... # ##'## ## #..#
.# ##...## ### #..###.# ##.....##
###.. #......###.......## ##.#.#
########...####......((.####....#
..............'...>.((..(..)....#
########...####.........####)....
#..## ##@O....(## #(.### #.##
##.....## #.## #.# ##...## #.#
#.# ##'## #.# #.# ##### #(# #.#
#.# #.....#)# #.# #.......## #.#
#.###....## #.# #.....######.#


You could see an ogre.

Vanquished Creatures
  2 gnolls (D:1)
  2 adders
  An ooze (D:1)
  A worm (D:2)
  3 leopard geckos
  An orc (D:3)
  A ball python (D:3)
  7 giant cockroaches
  8 goblins
  8 hobgoblins
  7 jackals
  3 bats
  A frilled lizard (D:2)
  11 kobolds
  3 rats
59 creatures vanquished.

Notes
Turn   | Place    | Note
-------+----------+-------------------------------------------
     0 | D:1      | tilp the Hill Orc Fire Elementalist began the quest for the Orb.
     0 | D:1      | Reached XP level 1. HP: 14/14 MP: 3/3
   161 | D:1      | Reached XP level 2. HP: 13/20 MP: 1/4
   189 | D:1      | Reached skill level 4 in Fire Magic
   464 | D:1      | Reached XP level 3. HP: 26/26 MP: 1/5
  1081 | D:2      | Reached XP level 4. HP: 27/33 MP: 2/7
  1126 | D:2      | Learned a level 3 spell: Conjure Flame
  2182 | D:3      | Noticed Wiebster667's ghost (amateur HuIE)
  2718 | D:3      | Reached skill level 5 in Fire Magic
  3628 | D:3      | Reached XP level 5. HP: 38/38 MP: 8/8
  3713 | D:3      | Noticed an ogre
  3723 | D:3      | Mangled by an ogre

Vault maps used:
D:1:      elethiomel_arrival_quiet, hex_medium
D:2:      first_bread, minivault_5
D:3:      minmay_quantized

Skill      XL: |  1  2  3  4 |
---------------+-------------+-----
Fire Magic     | 4 5 |  5.0
Spellcasting   | 2 |  2.6
Axes           | |  0.3
Dodging        | |  1.5
Stealth        | |  1.5
Conjurations   | |  1.2

Action                   |  1- 3 |  4- 6 || total
-------------------------+-------+-------++-------
Melee: Club              |    20 |       ||    20
       Short sword       |    23 |    73 ||    96
       War axe           |       |    21 ||    21
       Dagger            |       |     7 ||     7
Throw: Stone             |    15 |    22 ||    37
 Cast: Flame Tongue      |    28 |    33 ||    61
  Use: Scroll            |     3 |     5 ||     8
       Potion            |       |     1 ||     1
 Stab: Sleeping          |       |     2 ||     2
  Eat: Chunk             |     1 |     2 ||     3
       Bread ration      |       |     2 ||     2
Armor: Robe              |    17 |    26 ||    43
Dodge: Dodged            |    49 |    75 ||   124
